Map: Acid Plant LE

Players

lIIllllIIlll (INnoVation) - Winner!

  • Race: Terran Terran
  • League: Master
  • Spawn Location: 5:00

Zanster

  • Race: Zerg Zerg
  • League: Master
  • Spawn Location: 11:00

Event: HomeStory Cup XVII

VOD

Have the link to the VOD?

Description

Time

  • Played on: June 29, 2018, 5:29 p.m.
  • Length: 18:58

All games in this series

Show
View Real Time Build Order
Export as new Build Order

lIIllllIIlll Terran - Winner!

Build Orders: Gas First Reaper Expand, Reaper Expand, Bio Tank 

Get SALT Encoding   

  12  0:00  SCV  
  13  0:13  SCV  
  14  0:16  Supply Depot  
  14  0:25  SCV  
  14  0:28  Refinery  
  15  0:38  SCV  
  16  0:44  Barracks  
  16  0:50  SCV  
  17  1:02  SCV  
  18  1:14  SCV  
  19  1:30  Orbital Command  
  19  1:31  Reaper  
  20  1:43  Command Center  
  20  1:54  Factory  
  20  1:58  SCV  
  21  2:06  Barracks Reactor  
  21  2:10  SCV  
  21  2:14  Supply Depot  
  22  2:15  Refinery  
  22  2:22  SCV  
  23  2:35  SCV  
  24  2:38  Factory Tech Lab  
  24  2:41  Bunker  
  24  2:43  Marine x2  
  26  2:47  SCV  
  27  2:54  Orbital Command  
  27  2:58  Siege Tank  
  30  3:00  SCV  
  30  3:04  Marine  
  32  3:07  Marine  
  34  3:12  SCV  
  34  3:21  SCV  
  34  3:23  Marine  
  34  3:25  Marine, SCV  
  38  3:30  Siege Tank  
  38  3:31  Supply Depot  
  41  3:36  SCV  
  41  3:37  SCV  
  41  3:40  Marine  
  44  3:43  Marine  
  44  3:47  Supply Depot  
  45  3:48  SCV  
  45  3:52  SCV  
  47  3:59  Marine  
  47  4:00  Marine  
  47  4:02  Siege Tank  
  51  4:03  SCV  
  51  4:04  SCV  
  54  4:17  Marine, SCV x2  
  54  4:18  Marine  
  54  4:19  Supply Depot  
  57  4:29  SCV x2  
  59  4:34  Siege Tank  
  62  4:41  Marine x2  
  62  4:42  SCV x2  
  66  4:46  Command Center  
  66  4:48  Supply Depot  
  66  4:54  SCV x2  
  66  4:57  Barracks  
  68  5:05  Barracks  
  68  5:06  Engineering Bay, Barracks Tech Lab  
  68  5:09  SCV x2  
  68  5:11  Engineering Bay  
  68  5:12  Siege Tank  
  73  5:21  SCV x2  
  73  5:23  Refinery  
  73  5:24  Refinery  
  73  5:26  Stimpack, Marine, Supply Depot  
  75  5:34  SCV  
  75  5:35  Terran Infantry Armor Level 1, SCV  
  77  5:36  Terran Infantry Weapons Level 1  
  77  5:43  Marine  
  77  5:48  SCV x2  
  80  5:51  Starport  
  80  5:53  Marine x2  
  80  5:54  Barracks Reactor  
  82  5:58  Factory Reactor  
  82  5:59  Orbital Command  
  82  6:00  SCV x2  
  84  6:06  Barracks  
  84  6:09  Barracks  
  84  6:13  SCV x2  
  84  6:16  Marine x3  
  89  6:23  Supply Depot  
  89  6:24  Supply Depot  
  89  6:26  SCV x2  
  91  6:34  Marine x2  
  91  6:39  SCV x2  
  95  6:41  Medivac x2, Supply Depot  
  95  6:43  Orbital Command  
  99  6:48  Marine x3  
  99  6:51  SCV x2  
  99  6:52  Marine x2  
  106  6:55  Armory  
  106  6:58  Barracks Reactor x2  
  106  7:03  SCV x2  
  108  7:08  SCV  
  108  7:14  Marine x5  
  108  7:15  SCV x2  
  115  7:20  SCV  
  115  7:21  Supply Depot  
  116  7:23  Siege Tank  
  116  7:24  Supply Depot  
  116  7:26  Combat Shields  
  116  7:27  SCV x2  
  116  7:29  Medivac x2  
  124  7:34  Orbital Command  
  125  7:41  SCV  
  125  7:42  SCV  
  125  7:45  Marine x3  
  125  7:46  Marine  
  125  7:49  Terran Infantry Armor Level 2, Terran Infantry Weapons Level 2  
  126  7:53  SCV  
  126  7:54  SCV  
  126  7:56  Siege Tank  
  129  8:02  Marauder  
  129  8:03  Marine x5  
  129  8:04  Marine x3  
  71  8:20  Medivac x2  
  98  8:21  Marine x6  
  98  8:24  Marauder  
  106  8:30  Marine x2  
  106  8:32  Orbital Command  
  80  8:39  Marine x2  
  61  8:44  Marine x2  
  61  8:45  Marauder  
  55  8:53  Siege Tank  
  55  8:59  Marine  
  55  9:02  Marine  
  57  9:03  Marine  
  57  9:05  Marine  
  57  9:06  Marine, Marauder  
  57  9:07  Marine  
  57  9:09  Orbital Command  
  63  9:13  Marine x2  
  63  9:14  Concussive Shells  
  65  9:17  Marine  
  65  9:19  Marine  
  65  9:20  SCV x2  
  65  9:21  Marine  
  70  9:25  Marine  
  70  9:26  Marine, Siege Tank  
  70  9:28  Marauder  
  77  9:32  Marine x3  
  77  9:35  Marine  
  77  9:37  Marine  
  82  9:39  Marine  
  82  9:43  Marine x2  
  82  9:44  SCV x3  
  88  9:47  Medivac  
  88  9:49  Marauder  
  88  9:50  Marine x3  
  95  9:53  Marine  
  95  9:58  Siege Tank  
  99  10:02  Marine x4  
  103  10:08  Marine x3  
  103  10:10  Marine  
  103  10:11  Marauder  
  109  10:19  Marine  
  109  10:20  Marine x3  
  113  10:25  Marine  
  113  10:26  Marine  
  115  10:29  Marine  
  115  10:30  Marine, Siege Tank  
  115  10:32  Marauder  
  121  10:37  Marine x3  
  124  10:45  Supply Depot  
  124  10:48  Medivac  
  123  10:50  Medivac  
  123  10:53  Marine  
  123  10:54  Marine x3, Marauder  
  104  11:00  SCV x2  
  95  11:07  Siege Tank  
  95  11:10  Marine  
  99  11:16  SCV x2  
  101  11:22  Orbital Command  
  101  11:28  Marine x4, Marauder  
  107  11:39  Siege Tank  
  110  11:42  Marine  
  110  11:43  Marine  
  110  11:45  Marine x2  
  98  11:59  Marine  
  98  12:00  Marine  
  93  12:01  Marine  
  62  13:07  Orbital Command  
  61  13:40  Orbital Command  
  61  13:56  Orbital Command  
  61  14:55  Orbital Command  
  61  15:30  Orbital Command  
  61  16:09  Barracks Reactor  
  61  16:10  Barracks Reactor  
  61  16:18  Orbital Command  
  59  17:27  Orbital Command  
  59  17:38  Barracks Reactor  
Show
View Real Time Build Order
Export as new Build Order

Zanster Zerg 

Build Orders: Hatch First 

Get SALT Encoding   

  12  0:00  Drone  
  13  0:12  Overlord  
  13  0:16  Drone  
  14  0:31  Drone  
  14  0:32  Drone  
  14  0:35  Drone  
  17  0:51  Hatchery  
  17  0:54  Drone  
  17  0:57  Drone  
  18  1:06  Drone  
  18  1:08  Extractor  
  18  1:17  Spawning Pool  
  17  1:19  Drone  
  18  1:30  Drone  
  19  1:38  Drone  
  20  1:47  Hatchery  
  20  1:50  Drone  
  20  2:03  Queen  
  20  2:04  Zergling x2  
  23  2:08  Zergling x2  
  23  2:13  Metabolic Boost  
  24  2:17  Drone  
  24  2:21  Drone  
  26  2:23  Drone  
  26  2:28  Drone  
  28  2:37  Roach Warren  
  28  2:40  Overlord  
  27  2:47  Drone  
  27  2:50  Overlord  
  28  2:55  Overlord  
  28  3:02  Queen  
  30  3:17  Roach x2  
  34  3:21  Roach  
  34  3:22  Zergling x6  
  34  3:24  Zergling x2  
  39  3:32  Roach  
  41  3:35  Zergling x6  
  41  3:38  Ravager  
  45  3:45  Queen  
  45  3:47  Ravager  
  48  3:52  Zergling x2  
  48  3:53  Zergling x4  
  51  3:57  Overlord  
  48  4:10  Drone  
  48  4:11  Drone x5  
  54  4:18  Drone x2  
  54  4:20  Drone  
  54  4:21  Drone  
  54  4:24  Ravager  
  59  4:27  Drone  
  59  4:30  Overlord  
  60  4:33  Extractor  
  60  4:34  Extractor  
  60  4:37  Queen  
  60  4:40  Drone  
  60  4:44  Drone  
  62  4:45  Drone  
  62  4:46  Drone  
  62  4:47  Drone  
  62  4:50  Spore Crawler  
  64  4:53  Spore Crawler  
  64  4:54  Drone  
  64  4:59  Overlord  
  65  5:03  Lair  
  65  5:06  Drone x2  
  68  5:07  Evolution Chamber  
  68  5:10  Spore Crawler  
  68  5:11  Drone  
  67  5:16  Drone x2  
  67  5:17  Drone  
  67  5:21  Drone  
  69  5:22  Drone  
  69  5:26  Overlord  
  70  5:30  Drone x2  
  70  5:34  Zerg Ground Armor Level 1  
  72  5:38  Drone  
  72  5:39  Drone x2  
  72  5:41  Drone  
  76  5:45  Drone  
  76  5:46  Drone  
  78  5:50  Drone  
  78  5:52  Overlord  
  78  5:53  Overlord  
  81  6:04  Roach x5  
  81  6:08  Glial Reconstitution  
  81  6:10  Roach x2  
  81  6:11  Roach  
  95  6:14  Overlord  
  97  6:18  Roach  
  97  6:19  Roach x2  
  97  6:23  Overlord  
  101  6:27  Roach x3  
  101  6:32  Roach x2  
  105  6:35  Roach x2  
  105  6:37  Ravager  
  110  6:43  Roach  
  110  6:44  Roach x2  
  116  6:48  Roach  
  116  6:49  Overlord  
  116  6:54  Roach  
  120  6:55  Overlord  
  120  7:04  Overlord  
  120  7:05  Ravager  
  120  7:07  Hatchery  
  120  7:10  Roach  
  120  7:12  Overlord  
  120  7:15  Zergling x8  
  123  7:16  Zergling x6  
  123  7:22  Zergling x8  
  133  7:23  Zergling x2  
  133  7:26  Ravager x2  
  133  7:28  Zergling x2  
  137  7:30  Overlord  
  137  7:32  Zerg Missile Weapons Level 1  
  137  7:33  Extractor  
  132  7:41  Roach  
  132  7:42  Roach x2  
  132  7:43  Overlord  
  135  7:45  Overlord  
  135  7:49  Roach x2, Zergling x2  
  135  7:50  Zergling x6  
  141  7:56  Overlord  
  128  8:08  Roach x5, Zergling x2  
  128  8:09  Roach, Zergling x2  
  129  8:13  Roach x2  
  129  8:17  Queen  
  132  8:28  Roach  
  132  8:29  Roach x5  
  112  8:41  Roach  
  112  8:42  Roach x3  
  111  8:51  Roach  
  111  8:52  Roach x5  
  120  8:56  Roach  
  120  8:57  Roach  
  120  9:00  Zergling x10  
  129  9:03  Drone x4  
  129  9:06  Roach  
  129  9:09  Overseer  
  135  9:11  Roach  
  137  9:19  Roach x3  
  143  9:25  Roach, Extractor  
  143  9:26  Roach x4, Zergling x2  
  153  9:34  Zergling x10  
  157  9:38  Zergling x2  
  157  9:39  Zergling x4  
  157  9:40  Ravager  
  157  9:41  Ravager  
  157  9:43  Drone x2  
  157  9:45  Drone  
  165  9:50  Overlord  
  165  9:59  Ravager x3  
  168  10:01  Zergling x2  
  168  10:02  Zergling x14  
  176  10:08  Overlord  
  176  10:13  Ravager  
  176  10:14  Ravager x2  
  179  10:16  Roach x2, Zergling x2  
  179  10:20  Overlord  
  184  10:32  Zergling x12  
  184  10:33  Zergling x6  
  190  10:39  Overlord  
  189  10:44  Roach  
  189  10:45  Roach x4  
  124  10:58  Roach x10  
  124  11:02  Zergling x8  
  114  11:23  Drone x2  
  114  11:25  Infestation Pit, Drone x4  
  116  11:26  Extractor  
  116  11:28  Hatchery  
  114  11:36  Roach x4  
  122  11:42  Roach  
  122  11:43  Roach x2  
  115  12:00  Roach x3  
  104  12:21  Infestor x3  
  89  12:26  Roach x3  
  93  12:30  Hatchery  
  82  12:39  Ravager  
  82  12:40  Ravager x5  
  84  12:50  Roach  
  80  13:55  Hatchery  
  80  14:01  Drone x2  
  81  14:05  Extractor  
  80  14:10  Spawning Pool  
  79  14:23  Drone x2  
  80  14:25  Extractor  
  70  14:42  Drone x2  
  72  14:47  Drone  
  73  14:59  Drone  
  74  15:09  Drone  
  74  15:12  Roach Warren, Drone, Hatchery  
  74  15:13  Queen  
  78  15:23  Drone  
  76  15:52  Roach  
  76  15:53  Roach x2  
  82  16:05  Roach  
  84  16:18  Roach  
  84  16:19  Extractor  
  84  16:20  Extractor  
  84  16:22  Roach x2  
  84  16:23  Roach  
  90  16:31  Drone  
  90  16:57  Hatchery  
  76  17:37  Drone x3  
  79  17:55  Drone  
Tags
 
Add a new tag
Caveats
  • Supply blocks, unpowered buildings, or Contaminate may cause inaccurate times.
  • Supply counts are checked every 10 seconds.